Unix NetHack Version 5.0.0-0 post-release - last build May 23 2026 06:08:33 (1c0ff79ee797540d5714e4e18072db0edd9e58ae,branch:main).

Game began 2026-05-23 14:31:58, ended 2026-05-23 14:53:41.

ArrBianca, lawful female human Priestess

                                                 --------------
                                                 |............|
                                                 |.............### ---------
                                                 |v...........|   #|.......|
                                                 |............|   #|.......|
                                                 |.......<....|   #........|
                                                 ---------.----    |.>.....|
                                                     ######        -|-------
                                                     #              #####
                                                    @s                  ####
                                                    Z               -------.--
                                                    #               |....{...|
                                                    .               |........|
                                                    .               |........|
                                                   ...              |........|
                                                   ...              ----------
                                                  -----

ArrBianca the Adept          St:11 Dx:13 Co:16 In:10 Wi:16 Ch:8  Lawful
Dlvl:8  $:51 HP:0(58) Pw:58(84) AC:9  Xp:6 T:3229  Stun

Latest messages:
 What do you want to call this dungeon level? stash
 You see here a little dog corpse.
 You descend the stairs.
 U - a food ration.
 You see here a statue of a dust vortex.
 You see here a white-handed shield.
 The door opens.
 The wood nymph wakes up!
 The wood nymph picks up a white-handed shield.
 The wood nymph puts on a white-handed shield.
 You fail to cast the spell correctly.
 You fail to cast the spell correctly.
 You fail to cast the spell correctly.
 In what direction? u
 The dart hits the wood nymph.
 Where do you want to jump?
 (For instructions type a '?')
 In what direction? l
 The dart misses the wood nymph.
 In what direction? l
 The dart hits the wood nymph.
 In what direction? l
 The dart misses the wood nymph.
 The wood nymph charms you.  You gladly hand over your robe.
 She stole a blessed +0 robe.
 The wood nymph vanishes!
 n - a dart (at the ready) (30 in total).
 n - a dart (at the ready) (31 in total).
 You hear a door open.
 You find a hidden door.
 This door is locked.
 Unlock it with your key? [ynq] (q) y
 You succeed in unlocking the door.
 KABOOM!!  The door was booby-trapped!
 You stagger...
 The giant spider bites!
 The giant spider's bite was poisoned!
 The giant spider bites!
 The giant spider bites!
 You hit the giant spider!
 The elf zombie hits!
 The giant spider bites!
 You miss the giant spider.
 The giant spider bites!
 You miss the giant spider.
 The elf zombie hits!
 The giant spider bites!
 You die...
 Do you want your possessions identified? [ynq] (y) n
 Do you want to see your attributes? [ynq] (y) q

Inventory:
 Coins    ('$')
  $ - 51 gold pieces
 Amulets  ('"')
  G - an amulet of change
 Weapons  (')')
  n - 31 +0 darts (at the ready)
  p - a +0 elven dagger
  a - a blessed +2 mace (weapon in right hand)
 Armor    ('[')
  c - a +0 small shield (being worn)
 Comestibles  ('%')
  e - a clove of garlic
  U - a food ration
  f - a sprig of wolfsbane
 Scrolls  ('?')
  x - a scroll of blank paper
  v - a scroll of identify
  S - a cursed scroll of remove curse
  R - a scroll of teleportation
 Potions  ('!')
  K - a potion of confusion
  F - a potion of gain ability
  D - a potion of gain energy
  z - a potion of hallucination
  s - a blessed potion of healing
  A - 2 potions of object detection
  d - 4 potions of holy water
  t - a potion of water
 Rings    ('=')
  o - a ring of sustain ability
 Wands    ('/')
  M - a wand of cold (0:2)
  B - a wand of nothing (0:3)
 Tools    ('(')
  i - a magic marker (0:19)
  u - a skeleton key
  y - a tin whistle
 Gems/Stones  ('*')
  E - an opal

ArrBianca the Priestess's attributes:

Background:
 You were an Adept, a level 6 human Priestess.
 You were lawful, on a mission for Blind Io
 who was opposed by The Lady (neutral) and Offler (chaotic).
 You were right-handed.
 You were in the Dungeons of Doom, on level 8.
 You entered the dungeon 3229 turns ago.
 You had 347 experience points, 293 more were needed to attain level 7.

Basics:
 You had 0 out of 58 hit points.
 You had 58 out of 84 energy points (spell power).
 Your armor class was 9.
 Your wallet contained 51 zorkmids.
 Autopickup was on for '$?!/="+%' plus thrown, with exceptions.

Final Characteristics:
 Your strength was 11 (limit:18/100).
 Your dexterity was 13 (limit:18).
 Your constitution was 16 (peak:17, limit:18).
 Your intelligence was 10 (limit:18).
 Your wisdom was 16 (limit:18).
 Your charisma was 8 (limit:18).

Final Status:
 You were stunned.
 You weren't hungry.
 You were unencumbered.
 You were wielding a mace.
 You were skilled in mace.

Final Attributes:
 You were piously aligned.
 You were fire resistant.
 You were telepathic.
 You are dead.

Miscellaneous:
 You didn't encounter any bones levels.
 Total elapsed playing time was 21 minutes and 43 seconds.

Major events:
 Turn
    1: ArrBianca the lawful human Priestess entered the dungeon
  792: attained the rank of Acolyte (level 3)
 2853: attained the rank of Adept (level 6)
 3229: killed by a giant spider

Spells:
 Name                 Level Category     Fail Retention
 light                  1   clerical       0%   81%-90%
 detect food            2   divination    70%  76%-100%
 healing                1   healing        0%  76%-100%
 jumping                1   escape         0%  76%-100%
 haste self             3   escape        97%  76%-100%

Skills:
 Fighting Skills
   bare handed combat [Unskilled]
 Weapon Skills
   club               [Unskilled]
   mace               [Skilled]
   morning star       [Unskilled]
   flail              [Unskilled]
   hammer             [Unskilled]
   quarterstaff       [Unskilled]
   polearms           [Unskilled]
   spear              [Unskilled]
   trident            [Unskilled]
   lance              [Unskilled]
   bow                [Unskilled]
   sling              [Unskilled]
   crossbow           [Unskilled]
   dart               [Unskilled]
   shuriken           [Unskilled]
   boomerang          [Unskilled]
   unicorn horn       [Unskilled]
 Spellcasting Skills
   healing spells     [Unskilled]
   divination spells  [Unskilled]
   clerical spells    [Basic]

Voluntary challenges:
 Character rerolling was not enabled.
 You never genocided any monsters.
 You never polymorphed an object.
 You never changed form.
 You used no wishes.
Achievements:
 You entered a shop.
 You attained the rank of Acolyte.
 You attained the rank of Adept.

 The Dungeons of Doom: levels 1 to 8
    Level 1:
    Level 2:
       A general store.
    Level 3:
    Level 4:
       A fountain.
    Level 5:
       Many fountains.
       Oracle of Delphi.
    Level 6: "mimic hell"
       A grave.
    Level 7: "stash"
       A fountain.
    Level 8: <- You were here.
       A fountain.
       Final resting place for
          you, killed by a giant spider.


Vanquished creatures:
  a werewolf
  a rock mole
  2 ponies
  a yellow light
  a shrieker
  a gnome leader
  a gray ooze
  a giant ant
  a little dog
  a floating eye
  3 kittens
  7 hill orcs
  4 dwarf zombies
 an iguana
 an acid blob
  a hobbit
  2 giant rats
  2 geckos
  a fox
  a kobold
  a goblin
  6 sewer rats
  a grid bug
  2 bats
  7 lichens
  3 newts
54 creatures vanquished.

No species were genocided or became extinct.

Game over:
                       ----------
                      /          \
                     /    REST    \
                    /      IN      \
                   /     PEACE      \
                  /                  \
                  |    ArrBianca     |
                  |      51 Au       |
                  |   killed by a    |
                  |   giant spider   |
                  |                  |
                  |                  |
                  |       2026       |
                 *|     *  *  *      | *
        _________)/\\_//(\/(/\)/\//\/|_)_______

Goodbye ArrBianca the Priestess...

You died in The Dungeons of Doom on dungeon level 8 with 1814 points,
and 51 pieces of gold, after 3229 moves.
You were level 6 with a maximum of 58 hit points when you died.

